 Dungeon Crawl Stone Soup version 0.29.1-15-g9cfb28693d (webtiles) character file.

Game seed: 4479442799708146568

4461 GimliDwarf the Destroyer (level 10, -7/84 HPs)
             Began as a Tengu Conjurer on Dec 15, 2023.
             Was an Initiate of Qazlal.
             Mangled by a cyclops (22 damage)
             ... on level 11 of the Dungeon on Dec 26, 2023.
             The game lasted 00:31:50 (10560 turns).

GimliDwarf the Destroyer (Tengu Conjurer)          Turns: 10560, Time: 00:31:51

Health: -7/84      AC: 12    Str:  9    XL:     10   Next: 37%
Magic:  19/19      EV: 15    Int: 21    God:    Qazlal [......]
Gold:   336        SH:  0    Dex: 16    Spells: 0/20 levels left

rFire   . . .      SeeInvis +   F - +11 hand axe "Evyce" {drain, Dex+3}
rCold   + . .      Faith    .   (no shield)
rNeg    . . .      Spirit   .   C - +0 steam dragon scales
rPois   .          Reflect  .   (helmet restricted)
rElec   .          Harm     .   c - +0 cloak
rCorr   .          Rampage  .   g - +0 pair of gloves
Will    .....                   (boots unavailable)
Stlth   ..........              (no amulet)
HPRegen 0.24/turn               a - ring of wizardry
MPRegen 0.16/turn               r - ring "Busch" {rC+ AC+4 SInv}

@: berserking, flying quickly and evasively, very quick
A: beak, talons 3, nimble flight
a: Renounce Religion


You were on level 11 of the Dungeon.
You worshipped Qazlal.
Qazlal was noncommittal.
You visited 2 branches of the dungeon, and saw 10 of its levels.

You collected 437 gold pieces.
You spent 101 gold pieces at shops.

Inventory:

Hand Weapons
 h - a +1 sling
 v - a +0 longbow
 F - the +11 hand axe "Evyce" (weapon) {drain, Dex+3}
   (You found it on level 7 of the Dungeon)

   A truly terrible weapon, it drains the life of any living foe it strikes.
   Dex:       It affects your dexterity (+3).
 H - a +2 quarterstaff of chaos
Missiles
 d - 29 poisoned darts
 f - 2 datura-tipped darts
 i - 4 curare-tipped darts
 A - 5 javelins
Armour
 c - a +0 cloak (worn)
 g - a +0 pair of gloves (worn)
 o - the +1 chain mail of Tuamiev {rC+ Will+ Str+5}
   (You found it on level 2 of the Dungeon)

   Str:       It affects your strength (+5).
   rC:        It protects you from cold.
   Will:      It increases your willpower.
 C - +0 steam dragon scales (worn)
Jewellery
 a - a ring of wizardry (left hand)
 n - a ring of poison resistance
 q - a ring of protection from fire
 r - the ring "Busch" (right hand) {rC+ AC+4 SInv}
   (You took it off a kobold on level 3 of the Dungeon)

   [ring of protection]

   AC:        It affects your AC (+4).
   rC:        It protects you from cold.
   SInv:      It lets you see invisible.
Wands
 w - a wand of mindburst (9)
 D - a wand of flame (24)
Scrolls
 p - 3 scrolls of teleportation
 y - a scroll of amnesia
 z - a scroll of fog
 B - a scroll of blinking
Potions
 b - 2 potions of magic
 e - a potion of invisibility
 j - a potion of cancellation
 l - a potion of resistance
 m - a potion of might {unknown}
 s - a potion of heal wounds {unknown}
 t - 2 potions of attraction {unknown}
 u - 3 potions of curing
 x - a potion of mutation {unknown}
 E - 2 potions of brilliance {unknown}
 G - 2 potions of lignification {unknown}
Miscellaneous
 I - a piece from Xom's chessboard (15/15)


   Skills:
 + Level 3.8 Fighting
 * Level 2.1 Axes
 + Level 8.6 Ranged Weapons
 * Level 5.7 Armour
 - Level 2.1 Dodging
 - Level 2.0 Stealth
 * Level 5.9 Spellcasting
 * Level 9.6 Conjurations
 + Level 0.3 Earth Magic
 * Level 5.4 Poison Magic


You couldn't memorise any spells.
You knew the following spells:

 Your Spells              Type           Power      Damage    Failure   Level
a - Olgreb's Toxic Radia  Pois           29%        N/A       4%          4
b - Searing Ray           Conj           92%        2d7       1%          2
c - Stone Arrow           Conj/Erth      54%        3d10      1%          3
d - Iskenderun's Mystic   Conj/Tloc      26%        2d7       6%          4
e - Fulminant Prism       Conj/Hex       13%        3d9       6%          4
f - Ignite Poison         Fire/Tmut/Pois 13%        N/A       6%          3

Your spell library contained the following spells:

 Spells                   Type           Power      Damage    Failure   Level
 Magic Dart               Conj           100%       1d8       1%          1
 Sting                    Tmut/Pois      68%        1d6       1%          1
 Poisonous Vapours        Pois/Air       34%        N/A       1%          2
 Conjure Flame            Conj/Fire      26%        6-21      1%          3
 Dazzling Flash           Conj/Hex       52%        N/A       1%          3
 Apportation              Tloc           12%        N/A       4%          1
 Freeze                   Ice            24%        1d5       4%          1
 Necrotise                Necr           24%        1d5       4%          1
 Summon Small Mammal      Summ           24%        N/A       4%          1
 Hailstorm                Conj/Ice       26%        3d7       6%          4
 Sticky Flame             Conj/Fire      26%        2d5       6%          4
 Call Canine Familiar     Summ           6%         N/A       12%         3
 Frozen Ramparts          Ice            12%        1d2       12%         3
 Summon Guardian Golem    Hex/Summ       6%         N/A       12%         3
 Animate Armour           Summ/Erth      12%        N/A       34%         4
 Agony                    Necr           6%         N/A       69%         5
 Silence                  Hex/Air        3%         N/A       69%         5
 Lehudib's Crystal Spear  Conj/Erth      13%        10d5      100%        8


Dungeon Overview and Level Annotations

Branches:
Dungeon (8/15)             Temple (1/1) D:7
   Lair: D:8-11

Altars:
Ashenzari
Cheibriados
Dithmenos
Elyvilon
Fedhas
Hepliaklqana
Kikubaaqudgha
Makhleb
Nemelex Xobeh
Okawaru
Qazlal
Ru
Sif Muna
Trog
Uskayaw
Vehumet
Wu Jian
Xom
Yredelemnul
Zin
The Shining One

Shops:
D:2 (   D:4 *


Innate Abilities, Weirdness & Mutations

You have a beak for a mouth.
You have claws for feet.
Your magical nature lets you fly swiftly and evasively.


Message History

The cyclops throws a large rock.
The large rock hits you!!!
Ouch! That really hurt!
* * * LOW HITPOINT WARNING * * *
You fade into invisibility!
You see here a +0 robe.
You flicker for a moment.
You flicker back into view.
A troll comes into view.
The troll shouts!
A red film seems to cover your vision as you go berserk!
You feel yourself moving faster!
You feel mighty!
You feel a strong urge to attack something.
You completely miss the troll. You claw the troll, but do no damage.
The troll bites you!
* * * LOW HITPOINT WARNING * * *
The troll closely misses you. The troll barely misses you.
You hit the troll. Your kick misses the troll.
The troll is lightly wounded.
The troll completely misses you. The troll claws you but does no damage.
The troll claws you!
* * * LOW HITPOINT WARNING * * *
You slash the troll! Your kick misses the troll.
You peck the troll, but do no damage.
The troll is moderately wounded.
The troll bites you.
* * * LOW HITPOINT WARNING * * *
The troll misses you. The troll completely misses you.
You slash the troll! You drain the troll. Your kick misses the troll.
Your peck misses the troll.
The troll is severely wounded.
You slash the troll!
You kill the troll!
Qazlal accepts your kill.
The troll leather armour is intact enough to wear.
You barely miss the cyclops.
Your Axes skill increases to level 2!
You hit the cyclops. You drain the cyclops.
The cyclops is lightly wounded.
The cyclops hits you!!
You die...

#..................
#.#######.#.###.### #.#
#..## #.# #.# #.#.# ..#
#.# +.#####.# #.#
#.##....# #)# #...C#..#
#)#######.#.#.#.###+###
#...(.....#.#.#@[......
#.##.#..##C##.C####.##.
#.#.###.#.#.#.##
#...#####.#.####
#.#.^###.#.#...#
#.#.#..#..#.#..####.#.#
#..#..##...#.#....[....
#..#..#.....#.#.#######
#..#.#.#..#.#.#.# ..CP#


You could see a cyclops (drained).

Vanquished Creatures
  Pikel (D:4)
  A troll (D:11)
  A wyvern (D:7)
  A yak (D:11)
  A wraith (D:11)
  A steam dragon (D:7)
  4 vampire mosquitoes (D:11)
  An acid dragon (D:5)
  A water moccasin (D:6)
  An orc warrior (D:11)
  A black bear (D:5)
  2 centaurs
  3 ogres
  2 phantoms
  4 kobold brigands
  2 necrophages (D:6)
  A gnoll sergeant (D:7)
  A scorpion (D:4)
  3 wights (D:6)
  3 killer bees (D:7)
  5 howler monkeys
  3 hounds
  A jelly (D:7)
  5 orc priests
  3 gnoll boudas
  Crazy Yiuf (D:7)
  19 gnolls
  8 adders
  An ufetubus (D:4)
  2 worms
  A dart slug (D:3)
  14 orcs
  5 endoplasms
  5 giant cockroaches
  10 goblins
  11 hobgoblins
  4 quokkas
  6 ball pythons
  4 bats
  3 frilled lizards
  11 kobolds
  5 rats
162 creatures vanquished.

Vanquished Creatures (others)
  17 plants
17 creatures vanquished.

Grand Total: 179 creatures vanquished

Notes
Turn   | Place    | Note
-------+----------+-------------------------------------------
     0 | D:1      | GimliDwarf the Tengu Conjurer began the quest for the Orb.
     0 | D:1      | Reached XP level 1. HP: 10/10 MP: 4/4
   358 | D:1      | Reached XP level 2. HP: 15/15 MP: 6/6
   361 | D:1      | Learned a level 2 spell: Searing Ray
   486 | D:1      | Reached skill level 6 in Conjurations
   504 | D:1      | Found a faded altar of an unknown god.
   513 | D:1      | Got Plato's Directory of Transposition
   923 | D:2      | Reached XP level 3. HP: 19/19 MP: 3/7
  1079 | D:2      | Identified the +1 chain mail of Tuamiev {rC+ Will+ Str+5}
  1215 | D:2      | Reached skill level 1 in Ranged Weapons
  1419 | D:2      | Reached skill level 1 in Armour
  1462 | D:2      | Found Gihifot's Antique Weapon Emporium.
  2280 | D:3      | Reached XP level 4. HP: 24/24 MP: 4/8
  2384 | D:3      | Identified the ring "Busch" {rC+ AC+4 SInv}
  2748 | D:3      | Found a glowing silver altar of Zin.
  2757 | D:3      | Found an ancient bone altar of Kikubaaqudgha.
  2815 | D:3      | Learned a level 3 spell: Stone Arrow
  2817 | D:4      | Noticed Pikel
  2817 | D:4      | Noticed a lemure
  2817 | D:4      | Noticed a lemure
  2817 | D:4      | Noticed a lemure
  2817 | D:4      | Noticed a lemure
  2881 | D:3      | Gained mutation: Your magical nature lets you fly swiftly
                  | and evasively. [Tengu growth]
  2881 | D:3      | Reached XP level 5. HP: 9/28 MP: 0/9
  3538 | D:4      | Reached XP level 6. HP: 33/33 MP: 4/10
  3867 | D:4      | Found Hezxutty's Assorted Antiques.
  3925 | D:4      | Reached skill level 1 in Fighting
  3989 | D:4      | Reached skill level 7 in Conjurations
  3989 | D:4      | Reached XP level 7. HP: 28/38 MP: 3/12
  4296 | D:4      | Reached skill level 5 in Ranged Weapons
  4296 | D:4      | Reached skill level 1 in Poison Magic
  4866 | D:5      | Entered Level 5 of the Dungeon
  5091 | D:4      | Paralysed by Pikel for 5 turns
  5098 | D:4      | Paralysed by Pikel for 2 turns
  5107 | D:4      | Killed Pikel
  5108 | D:4      | Reached XP level 8. HP: 44/44 MP: 6/14
  6285 | D:5      | Reached skill level 8 in Conjurations
  6561 | D:4      | Bought a scroll labelled JALUSHR RURUIR for 26 gold pieces
  6561 | D:4      | Bought an orange potion for 23 gold pieces
  6561 | D:4      | Bought a scroll labelled NOIXUPH VUYT for 26 gold pieces
  6561 | D:4      | Bought a scroll labelled SOBLOPNETI for 26 gold pieces
  7167 | D:6      | Reached XP level 9. HP: 50/50 MP: 9/16
  7301 | D:6      | Identified the +4 scale mail of Cowardice {Contam rElec
                  | rPois Str+3}
  8464 | D:7      | Reached skill level 5 in Armour
  8691 | D:7      | Reached skill level 9 in Conjurations
  8840 | D:7      | Learned a level 4 spell: Olgreb's Toxic Radiance
  8845 | D:7      | Learned a level 4 spell: Iskenderun's Mystic Blast
  8850 | D:7      | Learned a level 4 spell: Fulminant Prism
  9098 | D:7      | Found a runed translucent door.
  9099 | D:7      | Noticed Crazy Yiuf
  9115 | D:7      | Found a staircase to the Ecumenical Temple.
  9121 | D:7      | Identified the +11 hand axe "Evyce" {drain, Dex+3}
  9141 | Temple   | Entered the Ecumenical Temple
  9206 | Temple   | Became a worshipper of Qazlal Stormbringer
  9446 | D:7      | Reached skill level 5 in Poison Magic
  9541 | D:7      | Reached skill level 5 in Spellcasting
  9641 | D:7      | Killed Crazy Yiuf
  9774 | D:8      | You are sucked into a shaft and drop 3 floors!
  9832 | D:11     | Reached XP level 10. HP: 13/56 MP: 18/18
 10065 | D:11     | Noticed a green ugly thing
 10120 | D:11     | Reached skill level 1 in Axes
 10492 | D:11     | Learned a level 3 spell: Ignite Poison
 10498 | D:11     | Noticed a cyclops
 10498 | D:11     | Noticed a fire dragon
 10504 | D:11     | Noticed a cyclops
 10560 | D:11     | Mangled by a cyclops

Illustrated notes

Levels and vault maps discovered:
D:1:      lightli_arrival_flooded_house, layout_loops_cross,
          shapermc_ecumenical_altar_rom_forum, serial_bayou_ford_a,
          minmay_misc_feat_x
D:2:      layout_basic, serial_shops, nicolae_shop_statue_plus, st_stairs_6,
          chequers_big_river
D:3:      layout_loops_ring, mainiacjoe_overflow_swirl
D:4:      layout_loops_ring, serial_shops, shop, lexackson_kobold_supper,
          uniq_pikel
D:5:      nicolae_BIG_FREAKIN_CUBE, layout_basic
D:6:      nicolae_cairo_tiling_very_big, layout_loops_cross, chequers_avenue
D:7:      layout_gridville, minmay_temple_entry_offerings,
          uniq_crazy_yiuf_cottage
D:8:      layout_basic, serial_shops, shop, enter_bailey_5,
          minmay_misc_feat_plants
D:11:     layout_basic, minmay_shattered_shrine
Temple:   nicolae_temple_bog_church

Skill      XL: |  1  2  3  4  5  6  7  8  9 10 |
---------------+-------------------------------+-----
Conjurations   | 6 7 8 9 |  9.6
Ranged Weapons | 1 3 4 6 7 8 |  8.6
Armour         | 1 2 3 4 5 |  5.7
Fighting       | 1 2 3 |  3.8
Poison Magic   | 2 3 5 |  5.4
Spellcasting   | 3 4 5 |  5.9
Axes           | 2 |  2.1
Dodging        | |  2.1
Stealth        | |  2.0
Earth Magic    | |  0.3

Action                   |  1- 3 |  4- 6 |  7- 9 | 10-12 || total
-------------------------+-------+-------+-------+-------++-------
Melee: Hand axe          |       |       |    26 |    25 ||    51
       Kick              |       |       |     9 |     7 ||    16
       Peck              |       |       |     4 |     5 ||     9
       Punch             |       |       |       |     1 ||     1
 Fire: Sling             |    53 |    41 |    85 |       ||   179
Throw: Dart              |       |     3 |     7 |       ||    10
       Throwing net      |       |       |     2 |       ||     2
 Cast: Magic Dart        |    29 |       |     3 |       ||    32
       Searing Ray       |     7 |    18 |    73 |     3 ||   101
       Stone Arrow       |       |       |     1 |     3 ||     4
       Olgreb's Toxic Ra |       |       |     3 |     5 ||     8
  Use: Scroll            |     7 |     1 |     9 |       ||    17
       Potion            |       |       |     1 |     2 ||     3
Armor: Robe              |     4 |    16 |    13 |       ||    33
       Steam dragon scal |       |       |    22 |    12 ||    34
Dodge: Dodged            |     4 |    35 |    85 |    25 ||   149
